 Dungeon Crawl Stone Soup version 0.27.1-33-g824d729ab1 (webtiles) character file.

Game seed: 11085785318194062691

175 Grabarz the Ducker (level 5, -1/42 HPs)
             Began as a Merfolk Gladiator on Dec 9, 2021.
             Killed from afar by Edmund (4 damage)
             ... with a puff of flame
             ... on level 4 of the Dungeon.
             The game lasted 00:18:15 (3530 turns).

Grabarz the Ducker (Merfolk Gladiator)              Turns: 3530, Time: 00:18:16

Health: -1/42      AC:  4    Str: 15    XL:     5   Next: 55%
Magic:  5/5        EV: 18    Int:  7    God:
Gold:   131        SH:  0    Dex: 16    Spells: 4/4 levels left

rFire    . . .     SeeInvis .   a - +0 long sword
rCold    . . .     Faith    .   (no shield)
rNeg     + . .     Spirit   .   f - +0 robe {rN+}
rPois    .         Reflect  .   c - +0 helmet
rElec    .         Harm     .   (no cloak)
rCorr    .         Rampage  .   (no gloves)
Will     .....                  j - +0 pair of boots
Stlth    +.........             i - amulet of magic regeneration
HPRegen  0.14/turn              k - +4 ring of evasion
MPRegen  0.34/turn              h - ring of wizardry

@: no status effects
A: (nimble swimmer 2), mertail
a: no special abilities


You were on level 4 of the Dungeon.
You visited 1 branch of the dungeon, and saw 4 of its levels.

You collected 131 gold pieces.

Inventory:

Hand Weapons
 a - a +0 long sword (weapon)
 b - a +2 short sword of draining
Missiles
 d - 3 throwing nets (quivered)
Armour
 c - a +0 helmet (worn)
 f - a +0 robe of positive energy (worn)
 j - a +0 pair of boots (worn)
Magical Staves
 e - a staff of fire
Jewellery
 h - a ring of wizardry (right hand)
 i - an amulet of magic regeneration (around neck)
 k - a +4 ring of evasion (left hand)
 m - a +6 ring of intelligence
Wands
 n - a wand of polymorph (7)
Scrolls
 o - a scroll of silence
Potions
 g - 2 potions of curing


   Skills:
 * Level 3.9 Fighting
 - Level 0.2(3.1) Short Blades
 * Level 4.6 Long Blades
 - Level 2.0 Throwing
 * Level 5.6 Dodging


You had 4 spell levels left.
You didn't know any spells.
Your spell library contained the following spells:

 Spells                   Type           Power      Damage    Failure   Level
 Dazzling Flash           Conj/Hex       0%         N/A       45%         3
 Iskenderun's Mystic Bla  Conj/Tloc      0%         2d3       86%         4
 Starburst                Conj/Fire      0%         6d3       100%        6


Dungeon Overview and Level Annotations

Branches:
Dungeon (4/15)
 Temple: D:4-7

Altars:

Shops:
D:2 ?(*

Annotations:
D:4 Edmund


Innate Abilities, Weirdness & Mutations

((You are quick and stealthy near water. (Stealth+, EV+, Speed+++)))
Your lower body shifts to a powerful aquatic tail in water.


Message History

As you read the scroll of identify, it crumbles to dust.
o - a scroll of silence Edmund zaps a wand.
The puff of flame hits you.
Edmund says, "Everyone always remembers my brother. 'Who's Edmund?' they ask!"
Edmund zaps a wand.
The puff of flame hits you!
Edmund zaps a wand.
The puff of flame hits you.
You see here 16 poisoned darts.
Items here: ))) [[ ††.
There is a stone staircase leading up here.
You climb upwards.
There is a stone staircase leading down here.
You start resting.
HP restored.
There is an open door, spattered with blood here.
You see here a +0 flail.
There is an open door here.
There is a stone staircase leading down here.
You climb downwards.
Level annotation: Edmund
There is a stone staircase leading up here.
You see here a +0 falchion.
l - a +0 falchion You drop a +0 falchion.
Edmund shouts!
You hit Edmund but do no damage.
Edmund zaps a wand.
The puff of flame hits you.
Aiming: Polymorph
Press: ? - help, Shift-Dir - straight line, f - Edmund
Aim: Edmund, wielding a +3 flail of protection, wearing a +0 chain mail and carrying a wand of flame (19) (will become a hound, a steam dragon, or an orc, chance to affect: 46%) Edmund resists with some effort.
Edmund zaps a wand.
The puff of flame hits you!
You hit Edmund but do no damage.
Edmund hits you with a +3 flail of protection.
You hit Edmund but do no damage.
Edmund hits you with a +3 flail of protection. x2
* * * LOW HITPOINT WARNING * * *
Edmund zaps a wand.
The puff of flame hits you!
* * * LOW HITPOINT WARNING * * *
Edmund zaps a wand.
The puff of flame hits you.
You die...

#....@##.....
#..†..####### #......#
+......# #......#
#...)..# ###########
#))##.##
#....#.<..###<.##.#
#.......@..@....#..
#...............+..(
#)..............#....
#...............#.....
#######################


You could see Edmund.

Vanquished Creatures
  An orc priest (D:4)
  Jessica (D:2)
  5 adders
  A worm (D:3)
  4 dart slugs
  6 orcs
  7 ball pythons
  4 bats
  4 endoplasms
  4 goblins
  3 hobgoblins
  2 jackals (D:3)
  7 kobolds
  3 quokkas
  3 frilled lizards
  8 rats
63 creatures vanquished.

Notes
Turn   | Place    | Note
-------+----------+-------------------------------------------
     0 | D:1      | Grabarz the Merfolk Gladiator began the quest for the Orb.
     0 | D:1      | Reached XP level 1. HP: 16/16 MP: 1/1
   119 | D:1      | Reached XP level 2. HP: 11/21 MP: 2/2
  1235 | D:2      | Noticed Jessica
  1235 | D:2      | Found Laoba's Assorted Antiques.
  1249 | D:2      | Killed Jessica
  1250 | D:2      | Reached XP level 3. HP: 22/29 MP: 3/3
  1441 | D:2      | Found Qeodwu's Magic Scroll Shoppe.
  1488 | D:2      | Reached XP level 4. HP: 19/35 MP: 4/4
  1822 | D:2      | Found Zeoshaoc's Weapon Shop.
  1825 | D:2      | Reached skill level 5 in Dodging
  1894 | D:2      | Found a faded altar of an unknown god.
  2701 | D:3      | Reached XP level 5. HP: 42/42 MP: 5/5
  3092 | D:4      | Noticed Edmund
  3530 | D:4      | Killed from afar by Edmund

Illustrated notes

Levels and vault maps discovered:
D:1:      saegor_arrival_simple_c, layout_loops_ring
D:2:      layout_rooms, serial_shops, shop, shop, nicolae_square_shop,
          basic_ecumenical_altar, nrook_uturn, uniq_jessica
D:3:      layout_basic, minmay_misc_feat_plants
D:4:      layout_gridville, ebering_ghost_disaster_area, uniq_edmund,
          uniq_menkaure

Skill      XL: |  1  2  3  4 |
---------------+-------------+-----
Fighting       | 3 |  3.9
Long Blades    | 4 |  4.6
Dodging        | 5 |  5.6
Short Blades   | |  0.2
Throwing       | |  2.0

Action                   |  1- 3 |  4- 6 || total
-------------------------+-------+-------++-------
Melee: Long sword        |    69 |   108 ||   177
       Short sword       |     6 |       ||     6
Evoke: Wand              |       |     1 ||     1
  Use: Potion            |     2 |     1 ||     3
       Scroll            |     1 |     5 ||     6
 Stab: Sleeping          |     1 |     1 ||     2
Armor: Leather armour    |     7 |       ||     7
       Robe              |    13 |    18 ||    31
Dodge: Dodged            |    64 |   106 ||   170
       Rpst.: Long sword |    20 |    38 ||    58
